 Dungeon Crawl Stone Soup version 0.30-a0-778-g2ef04afb54 (webtiles) character file.

Game seed: 16273814331965938704

237 Shayle the Conjurer (level 5, -4/38 HPs)
             Began as a Demonspawn Conjurer on Feb 16, 2023.
             Splashed by a jelly's acid (7 damage)
             ... on level 6 of the Dungeon.
             The game lasted 00:09:22 (3023 turns).

Shayle the Conjurer (Demonspawn Conjurer)           Turns: 3023, Time: 00:09:23

Health: -4/38      AC:  3    Str:  8    XL:     5   Next: 77%
Magic:  0/9        EV: 12    Int: 21    God:
Gold:   113        SH:  0    Dex: 11    Spells: 7/10 levels left

rFire   . . .      SeeInvis +    b - +0 whip
rCold   . . .      Faith    .    (no shield)
rNeg    . . .      Spirit   +    a - +0 robe
rPois   .          Reflect  .    (no helmet)
rElec   .          Harm     .    (no cloak)
rCorr   .          Rampage  .    (no gloves)
Will    .....                    r - +0 pair of boots
Stlth   ++                       l - amulet of guardian spirit
HPRegen 0.26/turn                f - ring of see invisible
MPRegen 0.11/turn                (no ring)

@: no status effects
A: powered by pain 1
a: no special abilities


You were on level 6 of the Dungeon.
You visited 1 branch of the dungeon, and saw 4 of its levels.

You collected 113 gold pieces.

Inventory:

Hand Weapons
 b - a +0 whip (weapon)
Armour
 a - a +0 robe (worn)
 r - a +0 pair of boots (worn)
Jewellery
 f - a ring of see invisible (left hand)
 l - an amulet of guardian spirit (around neck)
Wands
 s - a wand of polymorph (12)
Scrolls
 c - 4 scrolls of enchant armour
 d - 3 scrolls of enchant weapon
 e - a scroll of amnesia {unknown}
 j - a scroll of vulnerability
 o - a scroll of torment {unknown}
 q - a scroll of teleportation {unknown}
Potions
 g - a potion of might {unknown}
 h - 4 potions of brilliance {unknown}
 i - 2 potions of haste


   Skills:
 + Level 2.2 Fighting
 + Level 2.9 Dodging
 + Level 3.0 Stealth
 + Level 3.0 Spellcasting
 + Level 4.7 Conjurations


You had 7 spell levels left.
You knew the following spells:

 Your Spells              Type           Power      Damage    Failure   Level
a - Magic Dart            Conj           92%        1d7       1%          1
b - Searing Ray           Conj           46%        2d6       2%          2

Your spell library contained the following spells:

 Spells                   Type           Power      Damage    Failure   Level
 Kiss of Death            Conj/Necr      52%        2d9       4%          1
 Dazzling Flash           Conj/Hex       26%        N/A       16%         3
 Confusing Touch          Hex            3%         N/A       36%         3
 Ignite Poison            Fire/Tmut/Pois 3%         N/A       36%         3
 Portal Projectile        Hex/Tloc       6%         N/A       36%         3
 Tukima's Dance           Hex            3%         N/A       36%         3
 Fulminant Prism          Conj/Hex       6%         3d7       45%         4
 Iskenderun's Mystic Bla  Conj/Tloc      13%        2d5       45%         4
 Sticky Flame             Conj/Fire      13%        2d4       45%         4
 Dispel Undead            Necr           3%         3d7       78%         4
 Blade Hands              Tmut           1%         N/A       98%         5
 Ignition                 Fire           1%         3d3       100%        8


Dungeon Overview and Level Annotations

Branches:
Dungeon (3/15)

Altars:
Ashenzari
Qazlal

Shops:
D:2 (=(


Innate Abilities, Weirdness & Mutations

You sometimes gain a little power by taking damage.


Message History

The searing ray hits the scorpion.
The scorpion is severely wounded.
You finish channelling your searing ray.
You feel sick. The scorpion barely misses you.
Casting: Searing Ray (safe; 3% risk of failure)
Confirm with . or Enter, or press ? or * to list all spells.
Aiming: Searing Ray (safe; 3% risk of failure)
Press: ? - help, Shift-Dir - straight line, f/p - scorpion
Aim: a scorpion (severely wounded, 78% to hit)
The searing ray hits the scorpion!
You kill the scorpion! (Press . to maintain the ray.)
You feel sick.
Your Stealth skill increases to level 3!
Your Spellcasting skill increases to level 3!
You start resting.
You feel sick. x6
You are no longer poisoned.
Things that are here:
a +0 short sword; a scorpion corpse; an orc corpse
Found 7 gold pieces.
The jelly hits you.
You are splashed with acid!
* * * LOW HITPOINT WARNING * * *
You hit the jelly but do no damage.
Your hands burn!
* * * LOW HITPOINT WARNING * * *
The jelly hits you but does no damage.
You hit the jelly.
Your hands burn!
* * * LOW HITPOINT WARNING * * *
The jelly is lightly wounded.
The jelly barely misses you.
Casting: Searing Ray (safe; 2% risk of failure)
Confirm with . or Enter, or press ? or * to list all spells.
Aiming: Magic Dart (safe; 1% risk of failure)
Press: ? - help, Shift-Dir - straight line, f - jelly
Aim: a jelly (lightly wounded, 100% to hit)
The magic dart hits the jelly.
The jelly is moderately wounded.
The jelly hits you.
* * * LOW HITPOINT WARNING * * *
You are splashed with acid!
You die...

##...# #... ###
+#### #### ####..
#.#. # #.../. #.##
# ##.$... ...#
...##### .......
#...## !......#
##..... ....?#
...###..
#.....J#.....#
....... #@##.#
###.#.. #....#
##.....
#.##########......
#.# #.............
#)# #.######......
#.# #.# ##...#.
#.# #.# ##.#..
#.###.########..#.
#...........##..#.


You could see a jelly.

Vanquished Creatures
  A bullfrog (D:6)
  A scorpion (D:6)
  6 adders (D:2)
  2 worms
  A dart slug (D:2)
  2 orcs
  6 endoplasms
  2 giant cockroaches
  4 goblins
  4 hobgoblins (D:1)
  4 quokkas
  7 ball pythons
  2 bats
  3 frilled lizards
  5 kobolds
  6 rats
56 creatures vanquished.

Notes
Turn   | Place    | Note
-------+----------+-------------------------------------------
     0 | D:1      | Shayle the Demonspawn Conjurer began the quest for the Orb.
     0 | D:1      | Reached XP level 1. HP: 13/13 MP: 3/3
   300 | D:1      | Gained mutation: You sometimes gain a little power by
                  | taking damage. [demonic ancestry]
   300 | D:1      | Reached XP level 2. HP: 20/20 MP: 3/5
   359 | D:1      | Learned a level 2 spell: Searing Ray
  1435 | D:2      | Found Yterevin's Weapon Shop.
  1435 | D:2      | Found Wyerghoe's Jewellery Boutique.
  1458 | D:2      | Reached skill level 1 in Fighting
  1458 | D:2      | Reached XP level 3. HP: 15/26 MP: 1/6
  1694 | D:2      | Found Ynafug's Antique Weapon Shop.
  1918 | D:2      | Reached XP level 4. HP: 25/32 MP: 1/7
  2202 | D:2      | Found a stormy altar of Qazlal.
  2878 | D:3      | You fall into a shaft and drop 3 floors!
  2878 | D:6      | Found a broken altar of Ashenzari.
  2890 | D:6      | Noticed a bullfrog
  2891 | D:6      | Noticed a steam dragon
  2899 | D:6      | Noticed an ice beast
  2919 | D:6      | Killed a bullfrog
  2920 | D:6      | Reached XP level 5. HP: 22/38 MP: 1/9
  3023 | D:6      | Splashed by a jelly's acid

Illustrated notes

Levels and vault maps discovered:
D:1:      minmay_arrival_solitary_statue, layout_basic, hangedman_glass_teeth
D:2:      layout_rooms, basic_altar, serial_shops, shop_statue, shop,
          nicolae_shop_waterfront, roderic_roman_lattice, minmay_tetromino_i4
D:3:      layout_loops_corners
D:6:      layout_loops_ring, pdpol_temple_overflow_zin_treasury_gozag_greed,
          lemuel_doored_altar, nicolae_ashenzari_panopticon,
          minmay_temple_entry_glassed_door, hellmonk_ghost_happy_afterlife,
          portal_sewer_entry_e

Skill      XL: |  1  2  3  4  5 |
---------------+----------------+-----
Stealth        | 2 3 |  3.0
Dodging        | 2 |  2.9
Fighting       | 1 2 |  2.2
Spellcasting   | 3 |  3.0
Conjurations   | |  4.7

Action                     |  1- 3 |  4- 6 || total
---------------------------+-------+-------++-------
  Melee: Whip              |    36 |    25 ||    61
         Unarmed           |     4 |       ||     4
         Punch             |     1 |       ||     1
   Cast: Magic Dart        |    71 |    14 ||    85
         Searing Ray       |     3 |    11 ||    14
    Use: Potion            |     1 |     4 ||     5
         Scroll            |       |     7 ||     7
   Stab: Sleeping          |     1 |       ||     1
 Armour: Robe              |    21 |     8 ||    29
  Dodge: Dodged            |    51 |    31 ||    82

Table legend: (Time is in decaauts)
 A = Elapsed time spent in this place.
 B = Non-inter-level travel time spent in this place.
 C = Inter-level travel time spent in this place.
 D = Time resting spent in this place.
 E = Time spent auto-exploring this place.
 F = Levels seen in this place.
 G = Mean time per level.
                   A        B        C        D        E       F      G
               +--------+--------+--------+--------+--------+-----+--------+
         Total |   3027 |   2948 |     79 |    340 |   1934 |   4 |  756.8 |
       Dungeon |   3027 |   2948 |     79 |    340 |   1934 |   4 |  756.8 |
               +--------+--------+--------+--------+--------+-----+--------+

Top non-repeatable levels by time:
     D:1: 1436 daAuts
     D:2: 1002 daAuts
     D:3: 441 daAuts
     D:6: 146 daAuts
